 Dungeon Crawl Stone Soup version 0.28-a0-397-g1a7b1a870f (webtiles) character file.

Game seed: 15088311496835623392

637 Decipherer the Poker (level 7, -1/60 HPs)
             Began as a Gnoll Berserker on Sept 4, 2021.
             Was an Elder of Trog.
             Slain by an acid dragon (3 damage)
             ... on level 6 of the Dungeon.
             The game lasted 00:04:44 (5360 turns).

Decipherer the Poker (Gnoll Berserker)              Turns: 5360, Time: 00:04:44

Health: -1/60      AC:  4    Str: 19    XL:     7   Next: 50%
Magic:  10/10      EV: 14    Int:  6    God:    Trog [****..]
Gold:   227        SH:  0    Dex: 17    Spells: 11/11 levels left

rFire   . . .      SeeInvis .   J - +0 morningstar
rCold   . . .      Faith    +   (no shield)
rNeg    . . .      Spirit   .   D - +0 chain mail
rPois   .          Reflect  .   n - +0 helmet
rElec   .          Harm     .   (no cloak)
rCorr   .          Rampage  .   t - +0 pair of gloves
Will    .....                   (no boots)
Stlth   ..........              m - amulet of faith
HPRegen 0.20/turn               d - +6 ring of dexterity
MPRegen 0.12/turn               i - +4 ring of evasion

@: corroded, flying, hasted, very quick
A: fangs 1, strong nose, distributed training
a: Renounce Religion, Berserk, Trog's Hand, Brothers in Arms


You were on level 6 of the Dungeon.
You worshipped Trog.
Trog was greatly pleased with you.
You visited 1 branch of the dungeon, and saw 6 of its levels.

You collected 227 gold pieces.

Inventory:

Hand Weapons
 a - a +0 spear
 J - a +0 morningstar (weapon)
Missiles
 h - 6 atropa-tipped darts
 l - 8 boomerangs
 x - 4 poisoned darts
 y - 8 datura-tipped darts
Armour
 b - a +0 animal skin
 j - a +0 scale mail
 n - a +0 helmet (worn)
 t - a +0 pair of gloves (worn)
 D - a +0 chain mail (worn)
 H - a +0 chain mail
 I - a +0 chain mail
Jewellery
 d - a +6 ring of dexterity (left hand)
 i - a +4 ring of evasion (right hand)
 m - an amulet of faith (around neck)
 o - an amulet of guardian spirit
Wands
 u - a wand of digging (4)
 F - a wand of paralysis (11)
Scrolls
 c - 5 scrolls of identify {unknown}
 e - a scroll of enchant weapon {unknown}
 g - 3 scrolls of blinking {unknown}
 k - 3 scrolls of teleportation {unknown}
 p - a scroll of fear {unknown}
 q - a scroll of silence {unknown}
 r - 2 scrolls of enchant armour {unknown}
 w - a scroll of acquirement {unknown}
 E - 2 scrolls of vulnerability {unknown}
Potions
 f - 2 potions of curing
 s - a potion of lignification {unknown}
 v - a potion of resistance {unknown}
 z - a potion of ambrosia {unknown}
 A - 2 potions of flight
 B - 2 potions of haste
 C - a potion of cancellation {unknown}
 G - a potion of might {unknown}


   Skills:
 + Level 7.0 Fighting
 + Level 2.5 Short Blades
 + Level 2.5 Long Blades
 + Level 2.5 Axes
 + Level 2.5 Maces & Flails
 + Level 7.0 Polearms
 + Level 2.5 Staves
 + Level 2.5 Slings
 + Level 2.5 Bows
 + Level 2.5 Crossbows
 + Level 2.5 Throwing
 + Level 5.2 Armour
 + Level 5.2 Dodging
 + Level 2.5 Stealth
 + Level 2.5 Shields
 + Level 2.5 Unarmed Combat
 + Level 2.5 Spellcasting
 + Level 2.0 Conjurations
 + Level 2.0 Hexes
 + Level 2.0 Summonings
 + Level 2.0 Necromancy
 + Level 2.0 Translocations
 + Level 2.0 Transmutations
 + Level 2.0 Fire Magic
 + Level 2.0 Ice Magic
 + Level 2.0 Air Magic
 + Level 2.0 Earth Magic
 + Level 2.0 Poison Magic
 + Level 2.8 Invocations
 + Level 2.5 Evocations


You had 11 spell levels left.
You didn't know any spells.
Your spell library contained the following spells:

 Spells                   Type           Power      Damage    Failure   Level
 Ensorcelled Hibernation  Hex/Ice        6%         N/A       95%         2
 Spider Form              Tmut/Pois      1%         N/A       99%         3
 Summon Guardian Golem    Hex/Summ       3%         N/A       99%         3
 Orb of Destruction       Conj           1%         N/A       100%        7
 Spellforged Servitor     Conj/Summ      1%         N/A       100%        7


Dungeon Overview and Level Annotations

Branches:
Dungeon (6/15)             Temple (0/1) D:6

Altars:
Cheibriados
Dithmenos
Kikubaaqudgha
Makhleb
Trog
Uskayaw
Yredelemnul
The Shining One


Innate Abilities, Weirdness & Mutations

You have very sharp teeth.
Your uncanny sense of smell can sniff out nearby items.
Your experience applies equally to all skills.


Message History

Found a dagger.
The acid dragon closely misses you. x2
Unknown command.
An acid dragon is nearby!
You hit the acid dragon.
The acid dragon is moderately wounded.
The acid dragon barely misses you. x2
Unknown command.
An acid dragon is nearby!
You closely miss the acid dragon.
The acid dragon is moderately wounded.
The acid dragon bites you! The acid dragon claws you.
Unknown command.
An acid dragon is nearby!
You closely miss the acid dragon.
You bite the acid dragon, but do no damage.
The acid dragon is moderately wounded.
The acid dragon bites you! The acid dragon barely misses you.
The acid dragon spits acid at you. The splash of acid hits you!!
* * * LOW HITPOINT WARNING * * *
The acid corrodes you!
Unknown command.
An acid dragon is nearby!
You are too injured to fight recklessly!
Unknown command.
An acid dragon is nearby!
You are too injured to fight recklessly!
Unknown command.
It was a potion of curing.
You feel better. The acid dragon bites you!
* * * LOW HITPOINT WARNING * * *
The acid dragon claws you.
* * * LOW HITPOINT WARNING * * *
It was a potion of flight.
You feel very buoyant.
You fly up into the air.
The acid dragon closely misses you. The acid dragon claws you.
* * * LOW HITPOINT WARNING * * *
It was a potion of haste.
You feel yourself speed up. The acid dragon bites you.
You die...

#......
#......
.)....: .
#......
###.#
#...... ....
#......##..#
#.......D..#
#@#
#########.#
..........#
########..#
##.###.#
#.....#
#.##### #..#
##.##


You could see an acid dragon.

Vanquished Creatures
  2 ogres
  2 hounds
  2 orc priests
  A centaur skeleton (D:5)
  An iron imp (D:5)
  An iguana (D:5)
  2 orc wizards (D:4)
  A hound skeleton (D:4)
  9 adders
  2 worms
  2 dart slugs
  15 orcs
  11 ball pythons
  5 endoplasms
  3 giant cockroaches
  6 goblins
  9 hobgoblins
  13 jackals
  4 quokkas
  2 bats (D:1)
  2 frilled lizards
  5 kobolds
  3 rats
103 creatures vanquished.

Vanquished Creatures (others)
  8 withered plants (D:3)
8 creatures vanquished.

Grand Total: 111 creatures vanquished

Notes
Turn   | Place    | Note
-------+----------+-------------------------------------------
     0 | D:1      | Decipherer the Gnoll Berserker began the quest for the Orb.
     0 | D:1      | Reached XP level 1. HP: 23/23 MP: 1/1
   157 | D:1      | Reached XP level 2. HP: 27/29 MP: 2/2
  1170 | D:1      | treasure
  1200 | D:2      | Found a basalt altar of Yredelemnul.
  1273 | D:2      | Reached XP level 3. HP: 33/35 MP: 3/3
  1545 | D:2      | Found a faded altar of an unknown god.
  1918 | D:2      | Reached ** piety under Trog
  1951 | D:2      | Reached skill level 1 in Invocations
  2232 | D:3      | Reached skill level 1 in Short Blades
  2232 | D:3      | Reached skill level 1 in Long Blades
  2232 | D:3      | Reached skill level 1 in Axes
  2232 | D:3      | Reached skill level 1 in Maces & Flails
  2232 | D:3      | Reached skill level 1 in Staves
  2232 | D:3      | Reached skill level 1 in Slings
  2232 | D:3      | Reached skill level 1 in Bows
  2232 | D:3      | Reached skill level 1 in Crossbows
  2232 | D:3      | Reached skill level 1 in Throwing
  2232 | D:3      | Reached skill level 1 in Stealth
  2232 | D:3      | Reached skill level 1 in Shields
  2232 | D:3      | Reached skill level 1 in Unarmed Combat
  2232 | D:3      | Reached skill level 1 in Spellcasting
  2232 | D:3      | Reached skill level 1 in Evocations
  2251 | D:3      | Found an ancient bone altar of Kikubaaqudgha.
  2307 | D:3      | Reached XP level 4. HP: 40/41 MP: 5/5
  2730 | D:3      | Found a bloodstained altar of Trog.
  2906 | D:4      | Reached skill level 1 in Conjurations
  2906 | D:4      | Reached skill level 1 in Hexes
  2906 | D:4      | Reached skill level 1 in Summonings
  2906 | D:4      | Reached skill level 1 in Necromancy
  2906 | D:4      | Reached skill level 1 in Translocations
  2906 | D:4      | Reached skill level 1 in Transmutations
  2906 | D:4      | Reached skill level 1 in Fire Magic
  2906 | D:4      | Reached skill level 1 in Ice Magic
  2906 | D:4      | Reached skill level 1 in Air Magic
  2906 | D:4      | Reached skill level 1 in Earth Magic
  2906 | D:4      | Reached skill level 1 in Poison Magic
  2973 | D:4      | Reached XP level 5. HP: 47/47 MP: 6/6
  3120 | D:4      | Reached *** piety under Trog
  3292 | D:4      | Noticed an ogre
  3307 | D:4      | Killed an ogre
  3308 | D:4      | Reached skill level 5 in Armour
  3308 | D:4      | Reached skill level 5 in Dodging
  3308 | D:4      | Reached XP level 6. HP: 53/53 MP: 7/9
  3803 | D:5      | Entered Level 5 of the Dungeon
  4325 | D:5      | Reached XP level 7. HP: 59/59 MP: 10/10
  4605 | D:5      | Found a glowing golden altar of the Shining One.
  4679 | D:5      | Found a hide-covered altar of Uskayaw.
  4682 | D:5      | Found a burning altar of Makhleb.
  4692 | D:5      | Found a shadowy altar of Dithmenos.
  4774 | D:5      | Found a snail-covered altar of Cheibriados.
  5227 | D:6      | Found a staircase to the Ecumenical Temple.
  5234 | D:6      | Reached **** piety under Trog
  5358 | D:6      | HP: 2/60 [acid dragon (3)]
  5360 | D:6      | Slain by an acid dragon

Illustrated notes

#...............#
#.#####..######.# #.#......# #.#
## #.#.###..# #...# #### .#
#.#.#....# #○§.# #... .#
#........# #☼§°# #### .#
###.#.##.# #§§§# .#######
#.#.##.#####...##### .......#
#.....@.§°○.....○○☼.## .#####.#
###.###.§§§.$...§○°..## .# #.#
#.....#.○§..=:).☼§§.... .### #.#
##.#.#.######...######## ...# #.#
#....#.# #§§§# ##.# #.# #..###.#
#°.§# ## ##.###.# #......# #§°§#
#. .......#
#.#.#########...#######.
##.#######....####.........#.....


Turn 1170 on D:1: treasure

Levels and vault maps discovered:
D:1:      saegor_arrival_miasma, layout_loops_corners, lemuel_flame_loot_1
D:2:      layout_loops_corners, shapermc_ecumenical_altar_notcrosses,
          basic_altar
D:3:      layout_basic, lightli_temple_of_fire, kiku_gazebo_garden_becter,
          small_statue_intersection, kennysheep_generic_room_13
D:4:      layout_loops_ring, minmay_misc_feat_tiny, grunt_tough_drop
D:5:      layout_basic, slow_altar_2, grunt_temple_overflow_cloverleaf
D:6:      layout_basic, mainiacjoe_overflow_catwalk, lemuel_doored_altar,
          minmay_temple_entry_grid, small_statue_alley_b, uniq_sigmund,
          uniq_blork_the_orc, uniq_eustachio

Skill      XL: |  1  2  3  4  5  6  7 |
---------------+----------------------+-----
Invocations    | 1 2 |  2.8
Short Blades   | 1 2 |  2.5
Long Blades    | 1 2 |  2.5
Axes           | 1 2 |  2.5
Maces & Flails | 1 2 |  2.5
Staves         | 1 2 |  2.5
Slings         | 1 2 |  2.5
Bows           | 1 2 |  2.5
Crossbows      | 1 2 |  2.5
Throwing       | 1 2 |  2.5
Stealth        | 1 2 |  2.5
Shields        | 1 2 |  2.5
Unarmed Combat | 1 2 |  2.5
Spellcasting   | 1 2 |  2.5
Evocations     | 1 2 |  2.5
Conjurations   | 1 2 |  2.0
Hexes          | 1 2 |  2.0
Summonings     | 1 2 |  2.0
Necromancy     | 1 2 |  2.0
Translocations | 1 2 |  2.0
Transmutations | 1 2 |  2.0
Fire Magic     | 1 2 |  2.0
Ice Magic      | 1 2 |  2.0
Air Magic      | 1 2 |  2.0
Earth Magic    | 1 2 |  2.0
Poison Magic   | 1 2 |  2.0
Armour         | 5 |  5.2
Dodging        | 5 |  5.2
Fighting       | 7 |  7.0
Polearms       | 7 |  7.0

Action                   |  1- 3 |  4- 6 |  7- 9 || total
-------------------------+-------+-------+-------++-------
Melee: Spear             |   164 |   249 |    49 ||   462
       Bite              |    17 |    30 |     5 ||    52
       Punch             |       |     4 |       ||     4
       Morningstar       |       |       |    15 ||    15
Invok: Berserk           |       |     3 |     2 ||     5
  Use: Potion            |       |       |     3 ||     3
Armor: Animal skin       |     4 |       |       ||     4
       Scale mail        |    16 |    23 |       ||    39
       Chain mail        |       |    26 |    16 ||    42
Dodge: Dodged            |    51 |   125 |    50 ||   226

Table legend: (Time is in decaauts)
 A = Elapsed time spent in this place.
 B = Non-inter-level travel time spent in this place.
 C = Inter-level travel time spent in this place.
 D = Time resting spent in this place.
 E = Time spent auto-exploring this place.
 F = Levels seen in this place.
 G = Mean time per level.
                   A        B        C        D        E       F      G
               +--------+--------+--------+--------+--------+-----+--------+
         Total |   5301 |   5138 |    163 |      0 |   4222 |   6 |  883.5 |
       Dungeon |   5301 |   5138 |    163 |      0 |   4222 |   6 |  883.5 |
               +--------+--------+--------+--------+--------+-----+--------+

Top non-repeatable levels by time:
     D:5: 1398 daAuts
     D:1: 1183 daAuts
     D:2: 973 daAuts
     D:4: 954 daAuts
     D:3: 636 daAuts
     D:6: 155 daAuts
